 Dungeon Crawl Stone Soup version 0.19.0-2-gae57169 (webtiles) character file.

355 Monsterracer the Conjurer (level 6, -1/32 HPs)
             Began as a Deep Elf Conjurer on Nov 6, 2016.
             Killed by divine providence
             ... invoked by an orc priest
              (14 damage)
             ... on level 4 of the Dungeon.
             The game lasted 00:16:43 (3866 turns).

Monsterracer the Conjurer (Deep Elf Conjurer)       Turns: 3866, Time: 00:16:44

Health: -1/32      AC:  4    Str:  2 (5)  XL:     6   Next: 36%
Magic:  8/12       EV: 13    Int: 21 (22) God:
Gold:   222        SH:  0    Dex: 15      Spells: 4 memorised, 0 levels left

rFire  . . .     SeeInvis .     g - +2 dagger (holy)
rCold  . . .     Gourm    .     a - +0 robe
rNeg   . . .     Faith    .     (no shield)
rPois  .         Spirit   .     i - +1 helmet
rElec  .         Reflect  .     (no cloak)
rCorr  .         Harm     .     (no gloves)
MR     .....                    (no boots)
Stlth  ++........               (no amulet)
                                (no ring)
                                l - ring of wizardry

@: no status effects
A: no striking features
a: no special abilities


You were on level 4 of the Dungeon.
You were not hungry.

You visited 1 branch of the dungeon, and saw 4 of its levels.

You collected 222 gold pieces.

Inventory:

Hand Weapons
 g - a +2 dagger of holy wrath (weapon)
Armour
 a - a +0 robe (worn)
 i - a +1 helmet (worn)
Jewellery
 l - a ring of wizardry (left hand)
Scrolls
 e - 2 scrolls of enchant weapon
 f - 3 scrolls of identify
 h - 2 scrolls of remove curse
Potions
 d - a potion of haste
 n - a potion of might
Books
 b - a book of Conjurations

   Spells                             Type                      Level
   a - Magic Dart                     Conjuration                  1
   b - Searing Ray                    Conjuration                  2
   c - Dazzling Spray                 Conjuration/Hexes            3
   d - Fulminant Prism                Conjuration/Hexes            4
   e - Iskenderun's Mystic Blast      Conjuration                  4
   f - Iskenderun's Battlesphere      Conjuration/Charms           5
Comestibles
 c - 4 bread rations
 j - a meat ration
 k - a slice of pizza


   Skills:
 + Level 0.2 Fighting
 + Level 2.6 Dodging
 - Level 2.4 Stealth
 + Level 3.0 Spellcasting
 * Level 7.4 Conjurations
 + Level 4.0 Hexes
 + Level 0.8 Charms


You couldn't memorise any spells.
You knew the following spells:

 Your Spells              Type           Power        Failure   Level  Hunger
a - Magic Dart            Conj           ####         1%          1    None
b - Searing Ray           Conj           ####..       1%          2    ##.....
c - Dazzling Spray        Conj/Hex       ####..       1%          3    ###....
d - Iskenderun's Battles  Conj/Chrm      ###.....     45%         5    ######.


Dungeon Overview and Level Annotations

Branches:
Dungeon (4/15)
 Temple: D:4-7

Altars:
Gozag
Nemelex Xobeh
Okawaru
Trog

Annotations:
D:4 olma's ghost, novice MiBe


Message History

Aim: an orc priest, wielding a falchion and wearing a chain mail The magic dart hits the orc priest.
A quokka and 2 orcs come into view.
Casting: Magic Dart
Confirm with . or Enter, or press ? or * to list all spells.
Aiming: Searing Ray
Press: ? - help, Shift-Dir - straight line, f/p - orc priest
Aim: an orc priest, wielding a falchion and wearing a chain mail
Okay, then.
The orc shouts!
The orc shouts!
A frilled lizard comes into view.
The orc priest barely misses you.
You barely miss the orc priest. The orc priest barely misses you.
The orc priest invokes the aid of Beogh against you.
Pain shoots through your body!
The orc priest hits you but does no damage.
The orc priest calls down the wrath of Beogh upon you.
Beogh smites you!
You die...

l...%.#...........# #.
....o.#.#........## #.
......#...........# #.
..r...#r####.#....#+#######.
###.#.#.# #.#.##.........#.
#.#.#.# #.#.###........#.
#.#r####.#............#.
###+#.#.o...................
#.....##.o.@<...##..........
#.....'.........##..........
#.....##........#########...
#.............#.#########...
#.......<...................
#.....##...............#####
###.............###)........
###########.#####)##.#####
#.......).....<.


You could see an orc priest, an orc and a quokka.

Vanquished Creatures
  A scorpion (D:4)
  A crimson imp (D:2)
  A hound (D:4)
  A bullfrog skeleton (D:4)
  An orc wizard (D:3)
  A worker ant (D:4)
  A gnoll (D:1)
  5 adders
  An ooze (D:3)
  3 worms
  2 dart slugs
  3 leopard geckos
  12 orcs
  8 bats
  3 giant cockroaches
  10 goblins
  5 hobgoblins
  6 jackals
  5 frilled lizards
  7 kobolds
  6 rats
83 creatures vanquished.

Notes
Turn   | Place    | Note
-------+----------+-------------------------------------------
     0 | D:1      | Monsterracer the Deep Elf Conjurer began the quest for the Orb.
     0 | D:1      | Reached XP level 1. HP: 10/10 MP: 6/6
   123 | D:1      | Reached XP level 2. HP: 10/15 MP: 0/8
   129 | D:1      | Reached skill level 5 in Conjurations
   133 | D:1      | Learned a level 2 spell: Searing Ray
   473 | D:1      | Reached XP level 3. HP: 18/19 MP: 0/9
   492 | D:1      | Learned a level 3 spell: Dazzling Spray
   836 | D:2      | Found an opulent altar of Gozag.
   971 | D:2      | Reached skill level 1 in Hexes
  1347 | D:2      | Reached XP level 4. HP: 19/24 MP: 5/10
  1506 | D:2      | Reached skill level 6 in Conjurations
  1812 | D:3      | Learned a level 3 spell: Dazzling Spray
  1850 | D:3      | Reached XP level 5. HP: 26/28 MP: 8/11
  2461 | D:3      | Found an iron altar of Okawaru.
  2680 | D:3      | Found a sparkling altar of Nemelex Xobeh.
  2680 | D:3      | Found a bloodstained altar of Trog.
  3002 | D:4      | Reached skill level 7 in Conjurations
  3048 | D:4      | Noticed olma's ghost (novice MiBe)
  3558 | D:4      | Reached XP level 6. HP: 32/32 MP: 2/12
  3693 | D:4      | Learned a level 5 spell: Iskenderun's Battlesphere
  3866 | D:4      | Killed from afar by an orc priest

Skill      XL: |  1  2  3  4  5  6 |
---------------+-------------------+-----
Conjurations   | 5 6 7 |  7.4
Hexes          | 1 2 3 4 |  4.0
Fighting       | |  0.2
Dodging        | |  2.6
Stealth        | |  2.4
Spellcasting   | |  3.0
Charms         | |  0.8

Action                   |  1- 3 |  4- 6 || total
-------------------------+-------+-------++-------
Melee: Unarmed           |    13 |     1 ||    14
       Dagger            |       |     2 ||     2
 Cast: Magic Dart        |    59 |    72 ||   131
       Searing Ray       |     2 |    13 ||    15
       Dazzling Spray    |       |     6 ||     6
  Use: Potion            |     3 |     3 ||     6
       Scroll            |       |     8 ||     8
 Stab: Sleeping          |       |     1 ||     1
  Eat: Chunk             |     1 |     9 ||    10
Armor: Robe              |     2 |     5 ||     7
Dodge: Dodged            |    15 |    16 ||    31
